 Dungeon Crawl Stone Soup version 0.29-a0-1052-g6990b1bffc (webtiles) character file.

Game seed: 14885679295191737574

144178 siradein the Brawler (level 16, -4/166 HPs)
             Began as a Troll Monk on Aug 18, 2022.
             Was the Champion of Wu Jian.
             Succumbed to a black mamba's poison
             ... on level 1 of the Snake Pit.
             The game lasted 01:54:59 (25424 turns).

siradein the Brawler (Troll Monk)                  Turns: 25424, Time: 01:55:00

Health: -4/166     AC: 24    Str: 29    XL:     16   Next: 84%
Magic:  9/15       EV: 12    Int:  6    God:    Wu Jian [******]
Gold:   980        SH:  8    Dex: 12    Spells: 12/15 levels left

rFire   . . .      SeeInvis .     - Unarmed
rCold   . . .      Faith    .   h - +1 kite shield {AC+3}
rNeg    + . .      Spirit   .   r - +2 acid dragon scales
rPois   .          Reflect  .   O - +2 hat {Stlth+}
rElec   .          Harm     .   a - +2 cloak
rCorr   +          Rampage  .   (gloves unavailable)
Will    +....      NoTele   +   (boots unavailable)
Stlth   +++.......              E - amulet of the acrobat
HPRegen 1.17/turn               I - +4 ring of protection
MPRegen 0.14/turn               v - ring of Haxkux {Fly rPois rN+}

@: lethally poisoned (-4 -> -52), untranslocatable, wereblooded, poison
vulnerable, flying, studying 2 skills
A: large, unfitting armour, claws 3, regeneration 1, shaggy fur 1, tough skin 1
a: Renounce Religion, Wall Jump, Serpent's Lash, Heavenly Storm


You were on level 1 of the Snake Pit.
You worshipped Wu Jian.
Wu Jian was exalted by your worship.
You visited 6 branches of the dungeon, and saw 26 of its levels.
You also visited: Ossuary and Bailey.

You collected 3158 gold pieces.
You spent 2178 gold pieces at shops.

Inventory:

Missiles
 k - 224 stones (quivered)
 p - 20 boomerangs
 u - 4 throwing nets
 w - 3 curare-tipped darts
 R - 34 large rocks
Armour
 a - a +2 cloak (worn)
 h - a +1 kite shield of protection (worn)
 r - +2 acid dragon scales (worn)
 O - a +2 hat of stealth (worn)
Jewellery
 v - the ring of Haxkux (right claw) {Fly rPois rN+}
   (You found it on level 4 of the Lair of Beasts)

   [ring of poison resistance]

   rPois:     It protects you from poison.
   rN:        It protects you from negative energy.
   Fly:       It grants you flight.
 E - an amulet of the acrobat (around neck)
 I - a +4 ring of protection (left claw)
 Q - a ring of willpower
 W - a ring of protection from cold
 Z - a ring of positive energy
Wands
 y - a wand of digging (4)
 A - a wand of flame (21)
 D - a wand of iceblast (20)
 K - a wand of light (10)
 N - a wand of polymorph (14)
 V - a wand of paralysis (6)
 X - a wand of mindburst (5)
Scrolls
 c - 8 scrolls of enchant weapon
 f - 6 scrolls of poison
 l - 2 scrolls of fear
 n - 2 scrolls of torment
 o - 3 scrolls of magic mapping
 q - 2 scrolls of brand weapon
 s - 8 scrolls of butterflies
 x - 9 scrolls of enchant armour
 C - 2 scrolls of summoning
 F - 11 scrolls of teleportation
 J - 3 scrolls of amnesia
 L - 2 scrolls of immolation
 U - 4 scrolls of blinking
 Y - a scroll of silence
Potions
 b - 4 potions of ambrosia
 d - 4 potions of might
 e - 10 potions of heal wounds
 g - 2 potions of brilliance
 i - 3 potions of resistance
 j - 17 potions of curing
 m - 3 potions of mutation
 t - 2 potions of berserk rage
 z - 2 potions of magic
 B - 3 potions of lignification
 G - 3 potions of cancellation
 H - 4 potions of haste
 P - 4 potions of attraction
Miscellaneous
 M - a tin of tremorstones (2/2)
 S - a condenser vane
 T - a box of beasts


   Skills:
 + Level 12.3 Fighting
 + Level 13.0 Throwing
 + Level 7.4 Armour
 + Level 12.3 Dodging
 - Level 5.0 Stealth
 + Level 2.5 Shields
 + Level 16.3 Unarmed Combat
 + Level 6.0 Transmutations


You had 12 spell levels left.
You knew the following spells:

 Your Spells              Type           Power      Damage    Failure   Level
a - Wereblood             Tmut           7%         N/A       19%         2
b - Beastly Appendage     Tmut           14%        N/A       12%         1

Your spell library contained the following spells:

 Spells                   Type           Power      Damage    Failure   Level
 Spider Form              Tmut/Pois      3%         N/A       77%         3
 Necrotise                Necr           0%         1d4       82%         1
 Ignite Poison            Fire/Tmut/Pois 2%         N/A       88%         3
 Ensorcelled Hibernation  Hex/Ice        0%         N/A       91%         2
 Scorch                   Fire           0%         2d5       91%         2
 Blade Hands              Tmut           3%         N/A       98%         5
 Conjure Flame            Conj/Fire      0%         6-21      99%         3
 Portal Projectile        Hex/Tloc       0%         N/A       99%         3
 Stone Arrow              Conj/Erth      0%         3d7       99%         3
 Tukima's Dance           Hex            0%         N/A       99%         3
 Vampiric Draining        Necr           0%         2d6       99%         3
 Anguish                  Hex/Necr       0%         N/A       100%        4
 Animate Armour           Summ/Erth      0%         N/A       100%        4
 Corpse Rot               Necr/Pois/Air  0%         N/A       100%        4
 Dispel Undead            Necr           0%         3d6       100%        4
 Flame Wave               Conj/Fire      0%         2d4       100%        4
 Passage of Golubria      Tloc           0%         N/A       100%        4
 Sticky Flame             Conj/Fire      0%         2d3       100%        4
 Agony                    Necr           0%         N/A       100%        5
 Yara's Violent Unravell  Hex/Tmut       1%         3d3       100%        5
 Death Channel            Necr           0%         N/A       100%        6
 Summon Cactus Giant      Summ           0%         N/A       100%        6
 Lehudib's Crystal Spear  Conj/Erth      0%         10d2      100%        8


Dungeon Overview and Level Annotations

Branches:
Dungeon (15/15)            Temple (1/1) D:6            Lair (5/5) D:8
 Shoals (1/4) Lair:2        Snake (2/4) Lair:3        Slime (0/5) Lair:4
    Orc (2/2) D:9             Elf (0/3) Orc:2        Vaults (0/5) D:14
 Depths (0/4) D:15        Ossuary (visited)          Bailey (visited)

Altars:
Ashenzari
Cheibriados
Dithmenos
Elyvilon
Fedhas
Gozag
Hepliaklqana
Kikubaaqudgha
Makhleb
Nemelex Xobeh
Okawaru
Qazlal
Ru
Sif Muna
Trog
Uskayaw
Vehumet
Wu Jian
Xom
Yredelemnul
Zin
The Shining One
Jiyva
Lugonu

Shops:
D:6 ??   D:10 :   D:15 *   Orc:1 *   Orc:2 ((**   Snake:1 :=:

Portals:
Abyss: Lair:5

Annotations:
Lair:4 1 runed translucent door
Orc:1 3 runed translucent doors, Oruetys's ghost, journeyman FoFi


Innate Abilities, Weirdness & Mutations

You are too large for most types of armour.
You have claws for hands.
Your natural rate of healing is unusually fast.
You are covered in fur. (AC +1)
You have tough skin. (AC +1)


Message History

You feel very sick. You block the black mamba's attack.
The naga ritualist mumbles some strange prayers to its god.
The naga ritualist begins to radiate toxic energy.
You are more poisoned.
The nagaraja points at you and mumbles some strange words.
The bolt of poison hits you!!
You are more poisoned.
The nagaraja constricts you. You block the black mamba's attack.
You mangle the nagaraja!!
You feel a bit better.
You kill the nagaraja!
The Council accepts your kill.
You feel extremely sick.
You are more poisoned.
The black mamba bites you!
* * * LOW HITPOINT WARNING * * *
You are more poisoned.
The black mamba poisons you! The naga ritualist spits poison at you.
The splash of poison hits you but does no damage.
You are more poisoned.
* * * LOW HITPOINT WARNING * * *
You feel extremely sick.
* * * LOW HITPOINT WARNING * * *
You are more poisoned.
You block the black mamba's attack.
There is a stone staircase leading up, spattered with blood here.
* * * LOW HITPOINT WARNING * * *
You feel extremely sick.
* * * LOW HITPOINT WARNING * * *
You are more poisoned.
The black mamba barely misses you. You block the black mamba's attack.
The black mamba bites you.
* * * LOW HITPOINT WARNING * * *
You are more poisoned.
The black mamba poisons you! The naga ritualist spits poison at you.
You block the splash of poison.
You fly upwards.
You die...

..##....# ##.###...### ##
.######.# ##..##..#...####
.# #.###
#####..###.####..##. ##
#...####[....##...# ##.#..
#
###......####...#######.#..
# #####...##..###.......#..
# ##...#..## #.......##. #
##..#N#.## #........## #
#.)##.@†# #.....>...# #
♣♣♣♣♣ #.####.S# #.......>.^
## ♣♣P..♣♣##.....##
#..<.......
.#♣♣..∩..♣♣#.###.##
#.......... ##♣.∩...∩.♣###
#.>### #.........# #
♣P..⌠..P♣
##...###[...[...## #
♣PP...PP♣ ###...#.......##.
# ♣♣♣♣∩♣♣♣♣ ###..########..
##.#### ##.#....# #[.


You could see a naga ritualist (toxic aura, catching breath) and a black mamba.

Vanquished Creatures
  Jorgrun (D:13)
  Mlioglotl (Shoals:1)
  Rupert (D:13)
  Kirke (Lair:4)
  2 nagarajas (Snake:2)
  A frost giant (Shoals:1)
  A very ugly thing (D:15)
  The ghost of Irousen the Basher, a journeyman MiFi of Okawaru (Lair:4)
  Azrael (Orc:2)
  The ghost of Zeldest the Martial Artist, a journeyman DsMo (Lair:4)
  3 rakshasas
  Josephine (D:10)
  Fannar (D:10)
  A great orb of eyes (D:15)
  8 vault guards (D:14)
  3 hydras
  3 boulder beetles
  Harold (D:9)
  A centaur warrior (D:15)
  A catoblepas (Lair:2)
  8 anacondas
  9 two-headed ogres
  3 naga warriors (Snake:1)
  A death yak (shapeshifter) (Lair:5)
  3 shock serpents
  The ghost of freelancePsychic the Skirmisher, a novice HuDe of Hepliaklqana (D:9)
  3 thrashing horrors (Lair:5)
  Sonja (D:13)
  A naga sharpshooter (Snake:1)
  A shock serpent (shapeshifter) (D:15)
  5 skeletal warriors (D:11)
  A sea snake (Shoals:1)
  2 naga ritualists
  Lodul (D:11)
  Pikel (D:7)
  A harpy (shapeshifter) (Lair:4)
  The ghost of wingedge the Ruffian, a novice DrTm of Wu Jian (D:7)
  4 harpies (Shoals:1)
  2 deep elf pyromancers
  6 orc knights
  24 ugly things
  5 manticores
  An orc sorcerer (Orc:1)
  12 mana vipers
  6 elephants (Lair:4)
  9 cyclopes
  12 black mambas
  3 salamanders
  Joseph (D:7)
  3 torpor snails (Lair:2)
  A water nymph (Shoals:1)
  3 smoke demons (Lair:5)
  2 gargoyles
  13 cane toads
  3 naga magi (Snake:1)
  2 rime drakes
  A yaktaur (D:15)
  3 unseen horrors
  5 kobold demonologists
  9 komodo dragons
  A freezing wraith (D:9)
  An ancient zyme (Lair:5)
  3 merfolk (Shoals:1)
  8 trolls
  A wind drake (shapeshifter) (D:14)
  5 polar bears
  19 blink frogs
  A hornet (D:7)
  8 slime creatures
  12 dream sheep
  Prince Ribbit (D:8)
  4 shadows
  2 ynoxinuls (Lair:5)
  9 small abominations (Lair:5)
  A vampire (D:12)
  4 wyverns
  2 spriggans (Lair:5)
  3 water elementals
  6 wraiths
  4 hogs (Lair:4)
  35 yaks
  7 basilisks
  A golden eye (shapeshifter) (Lair:5)
  4 fire elementals (Orc:2)
  A chaos spawn (Lair:5)
  A steam dragon (D:9)
  2 vampire mosquitoes (D:12)
  2 large abominations (Lair:5)
  Menkaure (D:7)
  5 wargs
  2 acid dragons
  9 nagas
  11 water moccasins
  4 hell hounds (Orc:2)
  50 orc warriors
  A sky beast (D:7)
  An ice beast (D:7)
  17 wolves
  13 ogres
  19 centaurs
  A lemure (D:7)
  7 kobold brigands
  A phantom (D:6)
  5 necrophages
  17 bullfrogs
  A gnoll sergeant (D:9)
  4 scorpions
  11 wights
  7 killer bees
  An electric eel (D:14)
  3 hounds
  10 orc priests
  A human zombie (Ossuary)
  2 jellies
  3 gnoll boudas
  2 iguanas
  20 orc wizards
  A boggart simulacrum (D:15)
  2 mummies (Ossuary)
  22 gnolls
  8 adders
  A shadow imp (D:7)
  An ufetubus (D:5)
  5 worms
  7 dart slugs
  98 orcs
  6 bats
  5 endoplasms
  6 giant cockroaches
  3 gnoll zombies (Ossuary)
  6 goblins
  7 hobgoblins
  8 jackals
  40 kobolds
  A quokka (D:4)
  5 ball pythons
  3 frilled lizards
  2 goblin zombies (Ossuary)
  5 hobgoblin zombies (Ossuary)
  3 orc zombies (Ossuary)
  2 rats
  2 rat zombies (D:8)
833 creatures vanquished.

Vanquished Creatures (others)
  A blink frog (Lair:4)
  A killer bee (D:9)
  An orc wizard (D:9)
  14 fungi
  49 plants
  6 withered plants (Lair:4)
72 creatures vanquished.

Grand Total: 905 creatures vanquished

Notes
Turn   | Place    | Note
-------+----------+-------------------------------------------
     0 | D:1      | siradein the Troll Monk began the quest for the Orb.
     0 | D:1      | Reached XP level 1. HP: 22/22 MP: 0/0
    98 | D:1      | Reached XP level 2. HP: 25/29 MP: 1/1
   337 | D:1      | Reached XP level 3. HP: 29/36 MP: 2/2
   522 | D:2      | Found an ancient bone altar of Kikubaaqudgha.
   544 | D:2      | Found a faded altar of an unknown god.
   567 | D:2      | Reached skill level 1 in Throwing
   684 | D:2      | Reached XP level 4. HP: 21/45 MP: 3/3
  1167 | D:3      | Reached skill level 4 in Unarmed Combat
  1231 | D:3      | Reached XP level 5. HP: 52/53 MP: 4/4
  2006 | D:4      | Found a hide-covered altar of Uskayaw.
  2041 | D:4      | Reached XP level 6. HP: 59/62 MP: 5/5
  2420 | D:5      | Entered Level 5 of the Dungeon
  2607 | D:5      | Reached skill level 5 in Unarmed Combat
  2755 | D:5      | Reached XP level 7. HP: 71/71 MP: 6/6
  2777 | D:5      | Identified the +4 robe of Perfidy {MP+9 Stlth+}
  3256 | D:6      | Found a staircase to the Ecumenical Temple.
  3267 | Temple   | Entered the Ecumenical Temple
  3351 | Temple   | Became a worshipper of the Wu Jian Council
  3351 | Temple   | Reached * piety under Wu Jian
  3351 | Temple   | Reached ** piety under Wu Jian
  3477 | D:6      | Reached skill level 6 in Unarmed Combat
  3492 | D:6      | Reached skill level 5 in Fighting
  3549 | D:6      | Reached XP level 8. HP: 76/79 MP: 7/7
  3590 | D:6      | Found Anyzud's Magic Scroll Emporium.
  3624 | D:6      | Bought a scroll of identify for 26 gold pieces
  3624 | D:6      | Bought a scroll of teleportation for 39 gold pieces
  3624 | D:6      | Bought a scroll of identify for 26 gold pieces
  3881 | D:6      | Found Hehivaus's Magic Scroll Emporium.
  3886 | D:6      | Bought a scroll of identify for 26 gold pieces
  3886 | D:6      | Bought a scroll of noise for 13 gold pieces
  4124 | D:6      | Reached skill level 5 in Throwing
  4183 | D:7      | Noticed Joseph
  4183 | D:7      | Noticed Pikel
  4386 | D:7      | Killed Pikel
  4387 | D:7      | Reached skill level 7 in Unarmed Combat
  4451 | D:7      | Found a radiant altar of Vehumet.
  4531 | D:7      | Reached *** piety under Wu Jian
  4638 | D:7      | Killed Joseph
  4639 | D:7      | Reached XP level 9. HP: 28/92 MP: 8/8
  4858 | D:7      | Reached skill level 8 in Unarmed Combat
  4951 | D:7      | Paralysed by a hornet for 3 turns
  5014 | D:7      | Noticed Menkaure
  5020 | D:7      | Killed Menkaure
  5183 | D:7      | Found a runed translucent gate.
  5184 | D:7      | Found a runed translucent gate.
  5184 | D:7      | Noticed wingedge's ghost (novice DrTm)
  5185 | D:7      | Found a runed translucent gate.
  5187 | D:7      | Identified the +1 plate armour of Past Mistakes {+Blink
                  | rElec}
  5471 | D:8      | Found a staircase to the Lair.
  5472 | D:8      | Noticed a komodo dragon
  5518 | D:8      | Killed a komodo dragon
  5519 | D:8      | Reached XP level 10. HP: 76/102 MP: 9/9
  5540 | D:8      | Reached **** piety under Wu Jian
  5603 | D:8      | Found a sand-covered staircase.
  5611 | Ossuary  | Entered an ossuary
  5922 | D:8      | Noticed a two-headed ogre
  5930 | D:8      | Killed a two-headed ogre
  5931 | D:8      | Reached skill level 9 in Unarmed Combat
  6475 | D:8      | Noticed Prince Ribbit
  6482 | D:8      | Killed Prince Ribbit
  6591 | D:9      | Found a staircase to the Orcish Mines.
  6694 | D:9      | Reached skill level 5 in Dodging
  6802 | D:9      | Noticed Harold
  6812 | D:9      | Killed Harold
  6875 | D:9      | Reached ***** piety under Wu Jian
  6920 | D:9      | Noticed a green ugly thing
  6920 | D:9      | Noticed a two-headed ogre
  6931 | D:9      | Noticed a white ugly thing
  6932 | D:9      | Found a transporter.
  6935 | D:9      | Noticed a rakshasa
  6935 | D:9      | Noticed a green ugly thing
  6973 | D:9      | Noticed a two-headed ogre
  6987 | D:9      | Killed a two-headed ogre
  6988 | D:9      | Reached XP level 11. HP: 68/111 MP: 10/10
  7056 | D:9      | Noticed freelancePsychic's ghost (novice HuDe)
  7082 | D:9      | Found a transporter.
  7211 | D:10     | Entered Level 10 of the Dungeon
  7252 | D:10     | Reached skill level 10 in Unarmed Combat
  7282 | D:10     | Found a snail-covered altar of Cheibriados.
  7354 | D:10     | Noticed Josephine
  7366 | D:10     | Killed Josephine
  7480 | D:10     | Noticed Fannar
  7483 | D:10     | Found Dunuirea's Self-Improvement Boutique.
  7498 | D:10     | Killed Fannar
  7523 | D:10     | Found a burning altar of Makhleb.
  7563 | D:10     | Found a flagged portal.
  7573 | Bailey   | Entered a bailey
  7815 | Bailey   | Identified the +6 bardiche of Uncertain Death {vamp,
                  | Fragile Int+2 Dex+6}
  7816 | Bailey   | Noticed an orc knight
  7816 | Bailey   | Noticed an orc knight
  7866 | Bailey   | Killed an orc knight
  7910 | Bailey   | Killed an orc knight
  7955 | Bailey   | Reached skill level 13 in Unarmed Combat
  7955 | Bailey   | Reached XP level 12. HP: 123/123 MP: 11/11
  8156 | D:10     | Identified the +1 robe of Baldness {Harm rN+ MP+9 Dex-5}
  8179 | D:10     | Noticed a two-headed ogre
  8195 | D:10     | Killed a two-headed ogre
  8275 | D:10     | Found a sacrificial altar of Ru.
  8531 | D:11     | Noticed Lodul
  9054 | D:11     | Noticed a two-headed ogre
  9070 | D:11     | Killed a two-headed ogre
  9071 | D:11     | Reached XP level 13. HP: 106/131 MP: 12/12
  9403 | D:11     | Reached skill level 10 in Throwing
  9453 | D:11     | Reached ****** piety under Wu Jian
  9654 | D:11     | Killed Lodul
 10161 | Lair:1   | Entered Level 1 of the Lair of Beasts
 10239 | D:7      | Killed wingedge's ghost
 10474 | Lair:1   | Reached skill level 14 in Unarmed Combat
 10763 | Lair:1   | Reached skill level 10 in Fighting
 11340 | Lair:2   | Found a snail-covered altar of Cheibriados.
 11450 | Lair:2   | Found a staircase to the Shoals.
 12316 | Lair:3   | Found a staircase to the Snake Pit.
 12344 | Lair:3   | HP: 5/133 [constriction (2)]
 13119 | Lair:4   | Found a runed translucent gate.
 13120 | Lair:4   | Found a runed translucent gate.
 13120 | Lair:4   | Found a runed translucent gate.
 13121 | Lair:4   | Noticed Zeldest's ghost (journeyman DsMo)
 13122 | Lair:4   | Noticed Irousen's ghost (journeyman MiFi)
 13247 | Lair:4   | Learned a level 2 spell: Wereblood
 13257 | Lair:4   | Found a runed translucent door.
 13257 | Lair:4   | Found a viscous altar of Jiyva.
 13260 | Lair:4   | Noticed an acid blob
 13260 | Lair:4   | Noticed an acid blob
 13264 | Lair:4   | Found a staircase to the Slime Pits.
 13453 | Lair:4   | Reached XP level 14. HP: 111/144 MP: 13/13
 13455 | Lair:4   | Noticed Kirke
 13465 | Lair:4   | Reached skill level 1 in Transmutations
 13476 | Lair:4   | Killed Kirke
 14031 | Lair:4   | Killed Irousen's ghost
 14039 | Lair:4   | Killed Zeldest's ghost
 14064 | Lair:4   | Identified the ring of Haxkux {Fly rPois rN+}
 14116 | Lair:5   | Entered Level 5 of the Lair of Beasts
 14655 | D:10     | Bought a manual of Dodging for 1360 gold pieces
 15152 | Lair:5   | Found a hazy altar of Hepliaklqana.
 15349 | Lair:5   | Reached skill level 15 in Unarmed Combat
 15819 | Lair:5   | Found a corrupted altar of Lugonu.
 15819 | Lair:5   | Found a one-way gate to the infinite horrors of the Abyss.
 16153 | D:9      | Killed freelancePsychic's ghost
 16341 | D:9      | Reached skill level 10 in Dodging
 16693 | D:12     | Reached XP level 15. HP: 139/154 MP: 14/14
 16783 | D:12     | Reached skill level 1 in Armour
 17672 | Orc:1    | Entered Level 1 of the Orcish Mines
 17705 | Orc:1    | Found Seumaum's CLEARANCE SALE!.
 17908 | Orc:1    | Found a runed translucent gate.
 17908 | Orc:1    | Found a runed translucent gate.
 17908 | Orc:1    | Found a runed translucent gate.
 17948 | Orc:1    | Identified the +7 rapier of Honour {antimagic, rPois rC+
                  | Str+4}
 18056 | Orc:1    | Noticed Oruetys's ghost (journeyman FoFi)
 18115 | Orc:1    | Found an iron altar of Okawaru.
 18120 | Orc:2    | Entered Level 2 of the Orcish Mines
 18177 | Orc:2    | Found a staircase to the Elven Halls.
 18177 | Orc:2    | Noticed Azrael
 18202 | Orc:2    | Killed Azrael
 18380 | Orc:2    | HP: 3/154 [orc warrior/+0 great mace (11)]
 18445 | Orc:2    | Found Xiledix's General Store.
 18445 | Orc:2    | Found Yxataex's Weapon Emporium.
 18445 | Orc:2    | Found Plog's Antique Weapon Shoppe.
 18449 | Orc:2    | Found Plog's Assorted Antiques.
 18461 | Orc:2    | Bought a potion of curing for 87 gold pieces
 18461 | Orc:2    | Bought a potion of haste for 290 gold pieces
 18784 | Orc:2    | Learned a level 1 spell: Beastly Appendage
 19237 | D:13     | Noticed Jorgrun
 19261 | D:13     | Killed Jorgrun
 19416 | D:13     | Noticed Rupert
 19430 | D:13     | Killed Rupert
 19835 | D:13     | Noticed Sonja
 19844 | D:13     | Killed Sonja
 20166 | D:14     | Found a gate to the Vaults.
 20837 | D:14     | Found a stormy altar of Qazlal.
 21029 | D:14     | Reached skill level 5 in Armour
 21410 | D:15     | Entered Level 15 of the Dungeon
 21442 | D:15     | Reached skill level 5 in Transmutations
 21521 | D:15     | Found Adoefoag's Mayhem Merchandise.
 21760 | D:15     | Found a glowing silver altar of Zin.
 21761 | D:15     | Found a white marble altar of Elyvilon.
 21762 | D:15     | Found a glowing golden altar of the Shining One.
 21839 | D:15     | Reached XP level 16. HP: 137/165 MP: 12/15
 21925 | D:15     | Paralysed by a great orb of eyes for 2 turns
 21947 | D:15     | Found a staircase to the Depths.
 22318 | D:6      | Bought a scroll of teleportation for 39 gold pieces
 22318 | D:6      | Bought a scroll of teleportation for 39 gold pieces
 22318 | D:6      | Bought a scroll of teleportation for 39 gold pieces
 22318 | D:6      | Bought a scroll of enchant armour for 97 gold pieces
 22318 | D:6      | Bought a scroll of enchant armour for 97 gold pieces
 22825 | Shoals:1 | Entered Level 1 of the Shoals
 23208 | Shoals:1 | Reached skill level 16 in Unarmed Combat
 23496 | Shoals:1 | Noticed Mlioglotl
 23514 | Shoals:1 | Killed Mlioglotl
 23823 | Snake:1  | Entered Level 1 of the Snake Pit
 23926 | Snake:1  | You are sucked into a shaft and drop 1 floor!
 24113 | Snake:1  | Reached skill level 5 in Stealth
 24546 | Snake:1  | Reached skill level 1 in Shields
 24684 | Snake:1  | Found Kiph's Jewellery Shop.
 24685 | Snake:1  | Found Yliegug's Book Emporium.
 24685 | Snake:1  | Found Agace's Book Emporium.
 25424 | Snake:1  | Succumbed to a black mamba's poison

Illustrated notes

Levels and vault maps discovered:
D:1:      ncdulo_halloftheorcs, layout_rooms, chequers_decorated_corner
D:2:      layout_basic, basic_altar, shapermc_ecumenical_altar_notcrosses,
          dreamdust_wishing_well
D:3:      wad_river_or_something, layout_basic
D:4:      layout_rooms, old_standard_altar
D:5:      layout_basic
D:6:      layout_loops_ring, temple_green, serial_shops, nicolae_square_shop,
          kennysheep_little_box, chequers_serial_rivers_small_b, chequers_jeans
D:7:      layout_gridville, overflow_temple_1_default,
          biasface_ghost_orc_armoury, uniq_menkaure, uniq_joseph, uniq_pikel
D:8:      kennysheep_blocky_hall, layout_basic, david_lair_shrubbed,
          enter_ossuary_4, nrook_mini_backslash, st_stairs_2,
          uniq_prince_ribbit1
D:9:      layout_roguey, david_orc_2, nzn_ghost_randoct, uniq_harold
D:10:     layout_rooms, old_standard_altar, nicolae_ru_sacrificial_ziggurat,
          slow_altar_1, enter_bailey_7, nicolae_shop_self_help, uniq_fannar,
          uniq_josephine
D:11:     layout_long_grid, uniq_lodul
D:12:     layout_loops_corners, special_room [special_room_orc]
D:13:     layout_gridville, uniq_sonja, uniq_rupert, uniq_jorgrun
D:14:     layout_basic, erik_vaults_2, nicolae_qazlal_general_emergency,
          minivault_16
D:15:     gammafunk_enter_depths_forms, layout_loops_ring, good_gods_temple_1,
          minmay_shop_mayhem
Temple:   bh_familiar_temple
Lair:1:   layout_regular_city, grunt_megastairs_3
Lair:2:   layout_chaotic_city, shoals_dummy_entry, kennysheep_snail_temple
Lair:3:   layout_small_grid, minmay_snake_entry_guardpost_small
Lair:4:   layout_regular_city, slime_entry_2, gammafunk_ghost_cemetery,
          grunt_forest_small_clearings, uniq_kirke
Lair:5:   hellmonk_lair_end_abyssal_woods, layout_big_grid, basic_altar, pond,
          infiniplex_staircase_pool_2, lemuel_fruit_tree
Shoals:1: layout_shoals, st_shoals_ruin, uniq_mlioglotl
Snake:1:  layout_rooms, minmay_shop_grove, nicolae_triple_integral
Snake:2:  layout_misc_corridors, hellmonk_ghost_happy_afterlife, st_stairs_7,
          drop_trap
Orc:1:    layout_caves, basic_altar, gammafunk_ghost_fury_of_okawaru,
          nicolae_shop_clearance
Orc:2:    st_orc_rangers, layout_diamond_mine, uniq_azrael

Skill      XL: |  1  2  3  4  5  6  7  8  9 10 11 12 13 14 15 16 |
---------------+-------------------------------------------------+-----
Throwing       | 1 2 3 4 6 7 8 9 10 11 12 13 | 13.0
Fighting       | 3 4 5 6 7 8 9 10 11 12 | 12.3
Unarmed Combat | 4 5 6 7 8 9 13 14 15 16 | 16.3
Dodging        | 3 5 6 7 8 10 11 12 | 12.3
Stealth        | 2 3 4 5 |  5.0
Transmutations | 3 5 6 |  6.0
Armour         | 5 7 |  7.4
Shields        | 2 |  2.5

Action                   |  1- 3 |  4- 6 |  7- 9 | 10-12 | 13-15 | 16-18 || total
-------------------------+-------+-------+-------+-------+-------+-------++-------
Melee: Unarmed           |   107 |   182 |   301 |   489 |  1373 |   396 ||  2848
       Punch             |     3 |     7 |    11 |    22 |   141 |    19 ||   203
       Kick              |       |       |       |       |    64 |    13 ||    77
       Headbutt          |       |       |       |       |    43 |     6 ||    49
Throw: Stone             |       |     4 |       |    13 |    32 |    14 ||    63
       Boomerang         |       |       |       |       |    30 |       ||    30
 Cast: Wereblood         |       |       |       |       |    25 |    12 ||    37
       Beastly Appendage |       |       |       |       |    15 |     2 ||    17
Invok: Lunge             |       |       |    15 |    40 |   102 |    21 ||   178
       Whirlwind         |       |       |     1 |    11 |    14 |     6 ||    32
       Serpent's Lash    |       |       |       |       |     3 |     1 ||     4
 Abil: Wall Jump         |       |       |     3 |     5 |     5 |       ||    13
  Use: Scroll            |       |     8 |     4 |     8 |     8 |     2 ||    30
       Potion            |       |       |       |     1 |     4 |     1 ||     6
 Stab: Sleeping          |       |     3 |     7 |     9 |    12 |     5 ||    36
       Distracted        |       |       |       |     1 |       |     2 ||     3
Armor: Robe              |    52 |    56 |   123 |   138 |   279 |       ||   648
       Steam dragon scal |       |       |       |       |     6 |       ||     6
       Troll leather arm |       |       |       |       |   202 |       ||   202
       Acid dragon scale |       |       |       |       |    35 |   153 ||   188
Dodge: Dodged            |    74 |    67 |   139 |   238 |   759 |   183 ||  1460
Block: Kite shield       |       |       |       |       |       |    84 ||    84

Table legend: (Time is in decaauts)
 A = Elapsed time spent in this place.
 B = Non-inter-level travel time spent in this place.
 C = Inter-level travel time spent in this place.
 D = Time resting spent in this place.
 E = Time spent auto-exploring this place.
 F = Levels seen in this place.
 G = Mean time per level.
                   A        B        C        D        E       F      G
               +--------+--------+--------+--------+--------+-----+--------+
         Total |  24943 |  22386 |   2557 |     65 |  16789 |  28 |  890.8 |
       Dungeon |  14978 |  13049 |   1929 |      9 |   9849 |  15 |  998.5 |
        Temple |    181 |    142 |     39 |      0 |    138 |   1 |  181.0 |
          Lair |   5370 |   4941 |    429 |     40 |   3740 |   5 | 1074.0 |
        Shoals |    949 |    880 |     69 |     16 |    699 |   1 |  949.0 |
     Snake Pit |   1560 |   1541 |     19 |      0 |   1088 |   2 |  780.0 |
  Orcish Mines |   1366 |   1297 |     69 |      0 |   1015 |   2 |  683.0 |
       Ossuary |    157 |    157 |      0 |      0 |     62 |   1 |  157.0 |
        Bailey |    378 |    378 |      0 |      0 |    197 |   1 |  378.0 |
               +--------+--------+--------+--------+--------+-----+--------+

Top non-repeatable levels by time:
    D:11: 1756 daAuts
    D:14: 1349 daAuts
  Lair:5: 1340 daAuts
     D:8: 1273 daAuts
     D:7: 1269 daAuts
    D:12: 1209 daAuts
  Lair:4: 1209 daAuts
     D:9: 1206 daAuts
    D:10: 1030 daAuts
 Snake:1: 1001 daAuts
    D:13: 964 daAuts
  Lair:2: 961 daAuts
  Lair:3: 961 daAuts
Shoals:1: 949 daAuts
  Lair:1: 897 daAuts
